 Dungeon Crawl Stone Soup version 0.18-a0-1577-gf591c28 (webtiles) character file.

17497 ihatefelids the Gouger (level 12, -19/50 (51) HPs)
             Began as a Felid Chaos Knight on Mar 19, 2016.
             Demolished by a hill giant
             ... wielding a +0 giant club
              (37 damage)
             ... on level 1 of the Orcish Mines.
             The game lasted 00:35:08 (18040 turns).

ihatefelids the Gouger (Felid Chaos Knight)        Turns: 18040, Time: 00:35:08

HP:   -19/50 (51)   AC:  5    Str:  8    XL:     12   Next: 19%
MP:   18/22         EV: 22    Int: 17    God:    Xom [*.....]
Gold: 913           SH:  0    Dex: 17    Spells: 3 memorised, 13 levels left
                                        Lives: 0   Deaths: 3

rFire  . . .     SeeInvis +       - Unarmed
rCold  + . .     Gourm    .     (armour unavailable)
rNeg   . . .     Faith    .     (shield unavailable)
rPois  +         Spirit   .     (helmet unavailable)
rElec  .         Dismiss  .     (cloak unavailable)
rCorr  .         Reflect  .     (gloves unavailable)
SustAt .         Harm     .     (boots unavailable)
MR     ++...     Clarity  +     s - amulet of rage
Stlth  +++++.....               r - ring of poison resistance
                                y - ring of protection from magic

@: blade paws (expiring), quick, very resistant to hostile enchantments, quite
stealthy
A: no armour, no weapons or thrown items, claws 1, fangs 3, thin metallic scales
1, see invisible, berserk 1, carnivore 3, clarity, speed 1, frail 1, mutation
resistance 1, shaggy fur 3, slow metabolism 2, (sharp paws)
a: End Transformation, Renounce Religion, Evoke Berserk Rage


You were on level 1 of the Orcish Mines.
You worshipped Xom.
You were a special plaything of Xom.
You were very full.
You had blades for front paws.
You visited 3 branches of the dungeon, and saw 12 of its levels.
You also visited: Bailey and Ice Cave.

You collected 913 gold pieces.

Inventory:

Missiles
 I - 22 arrows
Jewellery
 p - an uncursed ring of fire
 r - a ring of poison resistance (right scythe-like blade)
 s - an amulet of rage (around neck)
 y - a ring of protection from magic (left scythe-like blade)
 C - an uncursed ring of protection from cold
Wands
 g - a wand of digging (12/24)
 i - a wand of enslavement (6/24)
 k - a wand of digging (13/24)
 q - a wand of iceblast (5/15)
 t - a wand of slowing (13/48)
 v - a wand of iceblast (0/15)
 D - a wand of acid (9/15)
 E - a wand of slowing (29/48)
 H - a wand of hasting (1/9)
 J - a wand of paralysis (11/24)
Scrolls
 b - 10 scrolls of remove curse
 d - 3 scrolls of teleportation
 o - 2 scrolls of fear
 B - a scroll of fog
 G - 2 scrolls of amnesia
Potions
 c - 4 potions of flight
 e - a potion of ambrosia
 f - 2 potions of resistance
 j - 2 potions of brilliance
 l - a potion of lignification
 m - 5 potions of curing
 u - a potion of might
 x - a potion of cure mutation
Books
 w - a book of Changes

   Spells                             Type                      Level
   a - Beastly Appendage              Transmutation                1
   b - Sticks to Snakes               Transmutation                2
   c - Spider Form                    Transmutation/Poison         3
   d - Ice Form                       Ice/Transmutation            4
   e - Blade Hands                    Transmutation                5
 A - a book of Unlife

   Spells                             Type                      Level
   a - Recall                         Summoning/Translocation      3
   b - Animate Dead                   Necromancy                   4
   c - Control Undead                 Necromancy                   4
   d - Cigotuvi's Embrace             Necromancy                   5
   e - Death Channel                  Necromancy                   6
   f - Simulacrum                     Ice/Necromancy               6
 F - a book of the Sky

   Spells                             Type                      Level
   a - Summon Lightning Spire         Summoning/Air                4
   b - Airstrike                      Air                          4
   c - Silence                        Hexes/Air                    5
   d - Deflect Missiles               Charms/Air                   6
   e - Conjure Ball Lightning         Conjuration/Air              6
   f - Tornado                        Air                          9
 L - a book of Air

   Spells                             Type                      Level
   a - Shock                          Conjuration/Air              1
   b - Swiftness                      Charms/Air                   2
   c - Repel Missiles                 Charms/Air                   2
   d - Static Discharge               Conjuration/Air              3
   e - Lightning Bolt                 Conjuration/Air              5
Miscellaneous
 K - a stone of tremors
Comestibles
 a - 4 meat rations
 h - 4 beef jerkies
 n - 3 royal jellies
 z - 2 slices of pizza


   Skills:
 + Level 9.2 Fighting
 + Level 11.1 Dodging
 + Level 11.4 Stealth
 + Level 11.6 Unarmed Combat
 * Level 6.3 Spellcasting
 * Level 7.2 Transmutations
 - Level 7.8 Evocations


You had 13 spell levels left.
You knew the following spells:

 Your Spells              Type           Power        Failure   Level  Hunger
a - Spider Form           Trmt/Pois      ###.......   45%         3    ##.....
b - Sticks to Snakes      Trmt           ####....     14%         2    None
c - Blade Hands           Trmt           ####......   63%         5    #####..


Dungeon Overview and Level Annotations

Branches:
Dungeon (10/15)            Temple (1/1) D:4            Lair (0/8) D:10
    Orc (1/2) D:10

Altars:
Elyvilon
Makhleb
Xom
Yredelemnul
Zin

Shops:
D:7 %   D:8 [


Innate Abilities, Weirdness & Mutations

You cannot wear armour.
You are incapable of wielding weapons or throwing items.
You have sharp claws.
You have razor-sharp teeth.
You have supernaturally acute eyesight.
You are carnivorous and can eat meat at any time.
You cover ground quickly.
Your thick and shaggy fur keeps you warm (AC +3, rC+).
You need consume almost no food.
((Your sharp claws are effective at attacking unaware monsters.))
You are partially covered in thin metallic scales (AC +2).
You tend to lose your temper in combat.
You possess an exceptional clarity of mind.
You are frail (-10% HP).
You are somewhat resistant to further mutation.


Message History

The fireball engulfs the hill giant!
The fireball engulfs the orc!
The orc dies!!!
The fireball engulfs the hill giant!
You hear a howl!!!
You hear a shout!!!
The hill giant seems less confused!
Items here: )) [[ a robe; a dagger; a chain mail; a hand axe You shred the hill giant!!!!!!
The hill giant is severely wounded!
Your transformation is almost over!
The hill giant closely misses you!
The hill giant hits you with a giant spiked club!!!!!!
DANG
Items here: ))))))) [[[[ † The orc priest casts a cantrip, but nothing happens!
There is a staircase back to the Dungeon, spattered with blood here!
The hill giant hits you with a giant club!!!!!!!!!
DANG rip Xom howls with laughter!!!

*,,,,,***,,,,,,* ***
*,,**,,**,,,,,,* ***,**
*,,,**,*,,,,,,,* ##....##
*,,,**,*,,,,,,,* *......##
**,,,*,+,,,,,,,, *#......#
*,,****,,,,,,,* #.....#**##
*,,****,,,,,,** #*#....##..**
###*,,,,***,,,,** ###......,,,*
#@#*,,,** **,,,* .#.....##,,**
#C#*,,,,** **+*** ##..#...##**
##h#**,,,,*****,,*
.........######)C##*,,*,,,,*,,,**
......#..##.##...)#**,****,*,,,,,
.#....#......##.).##*** *,,,,,,,
.......#..#...#..o(## ***,,,,,
...........#.#..[).(## **,,,*
.....#.....##......[.### *,*,,


You could see 2 hill giants, a wolf and an orc priest.

Vanquished Creatures
  A frost giant (IceCv)
  A death yak (IceCv)
  An unseen horror (D:10)
  2 hill giants (D:10)
  2 orc knights
  A cyclops (Orc:1)
  An ice statue (IceCv)
  A komodo dragon (D:10)
  2 trolls (D:9)
  13 polar bears (IceCv)
  A two-headed ogre (D:7)
  16 yaks
  2 wyverns (D:9)
  A hungry ghost (D:7)
  3 hippogriffs
  2 sky beasts
  2 phantoms
  2 ice beasts (D:8)
  16 orc warriors
  3 necrophages
  14 wolves
  3 centaurs
  8 ogres
  A tengu (shapeshifter) (D:8)
  A big kobold (D:9)
  6 giant frogs
  A wyvern zombie (D:6)
  10 killer bees
  8 wights
  2 howler monkeys
  3 crimson imps
  8 orc priests
  2 giant frog skeletons
  10 hounds
  Crazy Yiuf (D:6)
  4 jellies
  8 orc wizards
  2 centaur skeletons
  A gnoll shaman (D:5)
  An iguana (D:10)
  5 worker ants
  2 killer bee zombies (D:10)
  A hound skeleton (D:7)
  A worker ant zombie (D:9)
  6 gnolls
  A howler monkey skeleton (D:9)
  6 adders
  An adder (shapeshifter) (D:8)
  3 shadow imps
  An ooze (D:5)
  An adder skeleton (D:4)
  2 worms
  A dart slug (D:2)
  5 giant geckos
  53 orcs
  9 giant cockroaches
  22 hobgoblins
  7 jackals
  6 quokkas
  3 ball pythons
  4 bats
  5 giant newts
  26 goblins
  A jackal skeleton (D:5)
  8 kobolds
  A quokka skeleton (D:8)
  A quokka zombie (D:8)
  17 rats
  2 plants (D:10)
368 creatures vanquished.

Vanquished Creatures (collateral kills)
  An orc knight (Bailey)
  The ghost of namelastname112 the Scratcher, a novice FeCK of Xom (Bailey)
  3 orc warriors (Bailey)
  A sky beast (D:4)
  An ogre (D:5)
  A centaur (D:5)
  A giant frog zombie (D:5)
  An orc wizard (Orc:1)
  3 gnolls (Bailey)
  8 orcs (Bailey)
  8 goblins (Bailey)
  5 hobgoblins (Bailey)
34 creatures vanquished.

Vanquished Creatures (others)
  A hill giant (Orc:1)
  5 polar bears (IceCv)
  A yak (IceCv)
  2 wolves (IceCv)
  An orc priest (Orc:1)
  An orc wizard (D:7)
  An orc (Orc:1)
  A jackal (D:9)
  2 plants
15 creatures vanquished.

Grand Total: 417 creatures vanquished

Notes
Turn   | Place    | Note
--------------------------------------------------------------
     0 | D:1      | ihatefelids the Felid Chaos Knight began the quest for the Orb.
     0 | D:1      | Reached XP level 1. HP: 10/10 MP: 2/2
   136 | D:1      | Reached XP level 2. HP: 12/14 MP: 3/3
   153 | D:1      | XOM is BORED!
   153 | D:1      | XOM: harmless Pois miscast
   191 | D:1      | XOM: divination: magic mapping
   216 | D:1      | XOM: divination: detect creatures
   225 | D:1      | XOM: summons 1 hostile demon
   372 | D:1      | Reached skill level 1 in Stealth
   622 | D:1      | XOM: butterfly on damage
   821 | D:1      | Reached XP level 3. HP: 14/17 MP: 4/4
  1558 | D:2      | XOM: mild Erth miscast
  1676 | D:2      | You fall through a shaft!
  1681 | D:3      | Reached XP level 4. HP: 22/22 MP: 5/5
  1823 | D:2      | XOM: mild Summ miscast
  1827 | D:2      | XOM: noise
  1983 | D:2      | XOM: 9-stop teleportation journey
  2075 | D:2      | XOM: mild Tloc miscast
  2076 | D:2      | Noticed a spatial vortex
  2644 | D:2      | XOM: mild Trmt miscast
  2729 | D:2      | XOM is BORED!
  2729 | D:2      | XOM: medium Summ miscast
  2730 | D:2      | Noticed a small abomination
  2730 | D:2      | Noticed a small abomination
  2730 | D:2      | Noticed a small abomination
  2733 | D:2      | XOM: butterfly on damage
  2840 | D:3      | XOM: medium Hex miscast
  3016 | D:3      | Reached skill level 1 in Evocations
  3038 | D:3      | Found a basalt altar of Yredelemnul.
  3302 | D:3      | XOM: medium Ice miscast
  3382 | D:3      | XOM: harmless Conj miscast
  3464 | D:3      | Gained mutation: You have a pair of small antennae on your head. [potion of beneficial mutation]
  3467 | D:3      | Gained mutation: You are robust (+10% HP). [potion of mutation]
  3467 | D:3      | Gained mutation: You are somewhat resistant to further mutation. [potion of mutation]
  3732 | D:3      | XOM: noise
  3782 | D:3      | Found a shimmering altar of Xom.
  3782 | D:3      | Found a white marble altar of Elyvilon.
  3814 | D:3      | Reached XP level 5. HP: 25/27 MP: 6/6
  4034 | D:4      | XOM: mild Tloc miscast
  4204 | D:4      | Found a burning altar of Makhleb.
  4239 | D:4      | Noticed a sky beast
  4241 | D:4      | XOM: butterfly on damage
  4242 | D:4      | XOM: enchant monster (bad)
  4255 | D:4      | XOM: noise
  4256 | D:4      | XOM: summons 4 friendly demons
  4262 | D:4      | Killed a sky beast
  4370 | D:4      | Found a staircase to the Ecumenical Temple.
  4426 | D:4      | Noticed a phantom
  4467 | Temple   | Entered the Ecumenical Temple
  4484 | Temple   | XOM: cast spell 'Necromutation'
  4702 | Temple   | XOM: divination: detect creatures
  4725 | D:4      | XOM: confuse monster(s)
  4726 | D:4      | XOM: noise
  4736 | D:4      | Killed a phantom
  4736 | D:4      | Gained mutation: You are covered in thick fur (AC +2). [Felid growth]
  4736 | D:4      | Reached XP level 6. HP: 22/31 MP: 8/8
  4911 | D:4      | XOM: give mutations
  4911 | D:4      | Gained mutation: You are partially covered in icy blue scales (AC +1). [Xom's grace]
  4911 | D:4      | Gained mutation: You are partially covered in thin metallic scales (AC +2). [Xom's grace]
  4911 | D:4      | XOM: butterfly on damage
  4916 | D:4      | XOM: fake destruction
  5115 | D:4      | XOM: scenery: 1 doors open, 1 doors close
  5364 | D:4      | XOM: vitrification
  5379 | D:5      | Entered Level 5 of the Dungeon
  5465 | D:5      | Reached skill level 5 in Unarmed Combat
  5465 | D:5      | XOM: confusion
  5890 | D:5      | XOM: 1-stop teleportation journey
  5965 | D:5      | Reached XP level 7. HP: 33/36 MP: 9/9
  6001 | D:5      | XOM: summons 7 friendly demons
  6016 | D:5      | XOM: give mutation
  6016 | D:5      | Gained mutation: You are resistant to hostile enchantments. [Xom's grace]
  6029 | D:5      | Reached skill level 5 in Dodging
  6056 | D:5      | XOM: divination: detect creatures
  7223 | D:6      | Reached skill level 5 in Fighting
  7223 | D:6      | Reached skill level 5 in Stealth
  7224 | D:6      | XOM: confuse monster(s)
  7234 | D:6      | XOM: divination: magic mapping
  7270 | D:6      | XOM: silly message
  7375 | D:6      | Reached XP level 8. HP: 40/40 MP: 11/11
  7466 | D:6      | XOM: enchant monster (good)
  7636 | D:6      | XOM: smoke on damage
  7862 | D:6      | XOM: colour smoke trail
  7956 | D:6      | Noticed Crazy Yiuf
  7964 | D:6      | Killed Crazy Yiuf
  8136 | D:7      | Found a flagged portal.
  8143 | Bailey   | Entered a bailey
  8148 | Bailey   | Noticed namelastname112's ghost (novice FeCK)
  8200 | Bailey   | XOM: divination: detect creatures
  8205 | Bailey   | Demolished by namelastname112's ghost
  8206 | Bailey   | Reached XP level 7. HP: -14/54 MP: 11/11
  8235 | Bailey   | Slain by namelastname112's ghost
  8236 | Bailey   | Reached XP level 6. HP: 0/49 MP: 10/10
  8236 | Bailey   | Killed namelastname112's ghost
  8236 | Bailey   | Reached XP level 7. HP: 36/36 MP: 11/11
  8329 | Bailey   | Noticed an orc knight
  8349 | Bailey   | Killed an orc knight
  8349 | Bailey   | Reached skill level 5 in Evocations
  8349 | Bailey   | Reached XP level 8. HP: 8/41 MP: 12/12
  8775 | Bailey   | XOM: give mutations
  8775 | Bailey   | Lost mutation: You are robust (+10% HP). [Xom's mischief]
  8775 | Bailey   | Gained mutation: Your body sometimes deteriorates upon taking damage. [Xom's mischief]
  8775 | Bailey   | Lost mutation: You are resistant to hostile enchantments. [Xom's mischief]
  8852 | Bailey   | XOM: divination: detect creatures
  9026 | Bailey   | XOM: summons 2 hostile shadow creatures
  9104 | Bailey   | Noticed an orc warlord
  9104 | Bailey   | Noticed an orc knight
  9506 | Bailey   | XOM: enchant monster (bad)
  9508 | Bailey   | XOM: enchant monster (good)
  9512 | Bailey   | XOM: fog
  9548 | Bailey   | Reached skill level 10 in Unarmed Combat
  9548 | Bailey   | Reached XP level 9. HP: 38/43 MP: 13/15
  9562 | Bailey   | XOM: noise
  9565 | Bailey   | XOM: harmless Hex miscast
  9640 | Bailey   | XOM: summons 5 friendly demons
  9650 | Bailey   | XOM: potion effect (brilliance)
  9659 | Bailey   | Killed an orc knight
  9907 | D:7      | XOM: confuse monster(s)
  9928 | D:7      | Reached XP level 10. HP: 42/47 MP: 16/16
  9943 | D:7      | XOM: enchant monster (good)
 10074 | D:7      | XOM: harmless Trmt miscast
 10092 | D:7      | XOM: enchant monster (good)
 10269 | D:7      | XOM: scenery: create altars
 10273 | D:7      | XOM: 3-stop teleportation journey
 10304 | D:7      | Found a glowing silver altar of Zin.
 10304 | D:7      | Noticed an angel
 10333 | D:7      | XOM: give mutations
 10333 | D:7      | Lost mutation: Your body sometimes deteriorates upon taking damage. [Xom's mischief]
 10333 | D:7      | Lost mutation: You have a pair of small antennae on your head. [Xom's mischief]
 10333 | D:7      | Gained mutation: You need consume almost no food. [Xom's mischief]
 10347 | D:7      | XOM: noise
 10505 | D:7      | Found Wunaorphe's Food Shoppe.
 10508 | D:7      | XOM: harmless Chrm miscast
 10621 | D:7      | XOM: chaos upgrade
 10666 | D:7      | XOM: colour smoke trail
 10715 | D:7      | XOM: silly message
 10760 | D:8      | XOM: noise
 10950 | D:8      | Learned a level 3 spell: Spider Form
 11004 | D:8      | XOM: harmless Hex miscast
 11249 | D:8      | Reached skill level 10 in Stealth
 11249 | D:8      | Reached skill level 1 in Transmutations
 11254 | D:8      | XOM: give mutations
 11254 | D:8      | Gained mutation: You expend magic power (3 MP) to strengthen your wands. [Xom's mischief]
 11254 | D:8      | Lost mutation: You expend magic power (3 MP) to strengthen your wands. [Xom's mischief]
 11287 | D:8      | XOM: polymorph giant cockroach -> river rat
 11426 | D:8      | Found Kiedgh's Armour Shoppe.
 11444 | D:8      | XOM: cast spell 'Statue Form'
 11476 | D:8      | XOM: polymorph killer bee -> giant eyeball
 11498 | D:8      | Reached skill level 1 in Spellcasting
 11498 | D:8      | XOM: medium Tloc miscast
 11504 | D:8      | Slain by a killer bee
 11505 | D:8      | Reached XP level 9. HP: -4/66 MP: 15/15
 11639 | D:9      | XOM: medium Fire miscast
 11641 | D:9      | Noticed a troll
 11654 | D:9      | XOM: enchant monster (bad)
 11656 | D:9      | XOM: divination: detect items
 11915 | D:9      | XOM: noise
 12124 | D:9      | XOM: swap monsters
 12257 | D:9      | XOM: 2-stop teleportation journey
 12466 | D:9      | XOM: cast spell 'Summon Small Mammal'
 12474 | D:9      | Killed a troll
 12567 | D:9      | Reached XP level 10. HP: 48/48 MP: 16/16
 12876 | D:9      | XOM: silly message
 13187 | D:10     | Entered Level 10 of the Dungeon
 13198 | D:10     | Noticed an unseen horror
 13214 | D:10     | Killed an unseen horror
 13230 | D:10     | XOM: summons 2 friendly demons
 13252 | D:10     | XOM: 4-stop teleportation journey
 13294 | D:9      | XOM: vitrification
 13506 | D:10     | Found a staircase to the Orcish Mines.
 13522 | D:10     | Reached skill level 10 in Dodging
 13654 | D:10     | Learned a level 2 spell: Sticks to Snakes
 13660 | D:10     | Learned a level 5 spell: Blade Hands
 13676 | D:10     | Found a staircase to the Lair.
 13703 | D:10     | XOM: confusion
 13871 | D:10     | Noticed a hill giant
 13882 | D:10     | Killed a hill giant
 13981 | D:10     | XOM: stat loss: -1 Int (15/16)
 14000 | D:10     | Noticed a hill giant
 14003 | D:10     | Killed a hill giant
 14301 | D:10     | XOM: cast spell 'Statue Form'
 14313 | D:10     | Reached XP level 11. HP: 51/51 MP: 17/17
 14378 | Orc:1    | Entered Level 1 of the Orcish Mines
 14385 | Orc:1    | XOM: enchant monster (good)
 14393 | Orc:1    | XOM: polymorph orc -> giant newt
 14395 | Orc:1    | XOM: potion effect (brilliance)
 14397 | Orc:1    | XOM: enchant monster (good)
 14429 | D:10     | XOM: vitrification
 14463 | Orc:1    | XOM: noise
 14502 | Orc:1    | XOM: potion effect (magic)
 14505 | Orc:1    | XOM: potion effect (haste)
 14614 | D:10     | XOM: god gift: 31 gold pieces
 14665 | Orc:1    | XOM: cast spell 'Olgreb's Toxic Radiance'
 14674 | Orc:1    | Reached skill level 5 in Transmutations
 14700 | Orc:1    | Noticed a hill giant
 14732 | Orc:1    | Found a frozen archway.
 14741 | IceCv    | Entered an ice cave
 14829 | IceCv    | XOM: give mutations
 14829 | IceCv    | Gained mutation: You are partially covered in molten scales (AC +1). [Xom's mischief]
 14829 | IceCv    | Lost mutation: You are partially covered in molten scales (AC +1). [Xom's mischief]
 14829 | IceCv    | Gained mutation: You possess an exceptional clarity of mind. [Xom's mischief]
 14829 | IceCv    | Gained mutation: You tend to lose your temper in combat. [Xom's mischief]
 15011 | IceCv    | XOM: confuse monster(s)
 15014 | IceCv    | XOM: potion effect (might)
 15324 | IceCv    | XOM: destruction
 15336 | IceCv    | XOM: fog
 15540 | IceCv    | XOM: god gift: long brass wand {god gift}
 15654 | IceCv    | XOM: enchant monster (good)
 15681 | IceCv    | XOM: harmless Summ miscast
 16022 | IceCv    | XOM: cast spell 'Hydra Form'
 16025 | IceCv    | XOM: blink monster(s)
 16026 | IceCv    | XOM: noise
 16029 | IceCv    | Reached skill level 5 in Spellcasting
 16298 | IceCv    | XOM: stat loss: -1 Str (7/8)
 16388 | IceCv    | HP: 2/76 [yak (18)]
 16391 | IceCv    | XOM: give mutations
 16391 | IceCv    | Lost mutation: You are partially covered in icy blue scales (AC +1). [Xom's mischief]
 16391 | IceCv    | Gained mutation: You are frail (-10% HP). [Xom's mischief]
 16577 | IceCv    | Noticed a death yak
 16577 | IceCv    | Noticed a frost giant
 16578 | IceCv    | XOM: enchant monster (bad)
 16782 | IceCv    | XOM: noise
 16791 | IceCv    | XOM: summons friendly quasit
 17000 | IceCv    | XOM: summons 2 friendly demons
 17001 | IceCv    | XOM: divination: detect creatures
 17033 | IceCv    | XOM: harmless Chrm miscast
 17051 | IceCv    | XOM: smoke on damage
 17059 | IceCv    | Killed a frost giant
 17252 | IceCv    | XOM: mild Trmt miscast
 17297 | IceCv    | XOM: cast spell 'Necromutation'
 17302 | IceCv    | Killed a death yak
 17302 | IceCv    | Gained mutation: Your thick and shaggy fur keeps you warm (AC +3, rC+). [Felid growth]
 17302 | IceCv    | Reached XP level 12. HP: 50/50 MP: 20/22
 17417 | IceCv    | XOM: god gift: bread ration
 17523 | IceCv    | XOM: fake destruction
 17598 | Orc:1    | XOM: enchant monster (good)
 17600 | Orc:1    | XOM: potion effect (haste)
 17996 | Orc:1    | XOM: enchant monster (bad)
 17997 | Orc:1    | XOM: cast spell 'Shadow Creatures'
 18011 | Orc:1    | XOM: fog
 18012 | Orc:1    | XOM: confuse monster(s)
 18033 | Orc:1    | XOM: confuse monster(s)
 18036 | Orc:1    | XOM: destruction
 18040 | Orc:1    | Demolished by a hill giant

Vault maps used:
D:1:      onia_arrival_larder
D:2:      kennysheep_generic_room_3
D:3:      gammafunk_temple_overflow_elements, yredelemnul_altar_generic
D:4:      makhleb_blood_cavern_becter, temple_statues, first_bread,
          minmay_misc_feat_room
D:5:      roderic_serpentine_path
D:6:      uniq_crazy_yiuf_cottage
D:7:      zin_angel, serial_shops, nicolae_shop_temple_entry_statues_fountains,
          enter_bailey_2
D:8:      serial_shops, kennysheep_little_box
D:10:     david_lair_shrubbed, orc_0_dummy, serial_undead, serial_undead_b,
          serial_undead_e, serial_undead_e, serial_undead_a, serial_undead_f
Temple:   nicolae_temple_elliptical
Orc:1:    giant_chief_lemuel, portal_ice_cave_entry_pillars_01
Bailey:   bailey_axe_minmay_hex_keep, bailey
IceCv:    ice_cave_caverns_03

Skill      XL: |  1  2  3  4  5  6  7  8  9 10 11 12 |
---------------+-------------------------------------+-----
Stealth        | 1 2 3 6 5 9 10 11 | 11.4
Fighting       | 4 5 7 8 9 |  9.2
Evocations     | 1 2 5 7 |  7.8
Unarmed Combat | 4 7 6 10 11 | 11.6
Dodging        | 4 7 9 10 11 | 11.1
Transmutations | 2 4 6 7 |  7.2
Spellcasting   | 2 3 6 |  6.3

Action                   |  1- 3 |  4- 6 |  7- 9 | 10-12 || total
-------------------------+-------+-------+-------+-------++-------
Melee: Unarmed           |   137 |   226 |   393 |   610 ||  1366
 Cast: Blade Hands       |       |       |       |     5 ||     5
 Abil: Evoke Berserk Rag |       |       |    13 |    26 ||    39
Evoke: Wand              |       |       |     6 |     3 ||     9
  Use: Scroll            |       |     9 |     3 |    17 ||    29
       Potion            |       |     3 |     3 |     1 ||     7
 Stab: Sleeping          |     5 |     6 |    13 |    21 ||    45
       Distracted        |     2 |       |     2 |     2 ||     6
       Confused          |       |     1 |     1 |       ||     2
       Paralysed         |       |       |       |     2 ||     2
       Petrifying        |       |       |       |     1 ||     1
  Eat: Chunk             |     7 |     9 |    15 |    34 ||    65
